 Dungeon Crawl Stone Soup version 0.31-a0-149-g3fdcc5976a (webtiles) character file.

Game seed: 1387677279951625922

350 jlumianski the Ducker (level 6, -1/42 HPs)
             Began as a Djinni Fire Elementalist on June 7, 2023.
             Slain by an iguana (3 damage)
             ... on level 5 of the Dungeon.
             The game lasted 00:18:29 (2888 turns).

jlumianski the Ducker (Djinni Fire Elementalist)    Turns: 2888, Time: 00:18:29

Health: -1/42      AC:  3    Str: 13    XL:     6   Next: 92%
Gold:   228        EV: 13    Int: 18    God:
                   SH:  0    Dex: 14

rFire   + + .        u - +0 rapier
rCold   x . .        (no shield)
rNeg    . . .        a - +0 robe
rPois   ∞            (no helmet)
rElec   .            (no cloak)
rCorr   .            o - +0 pair of gloves
SInv    .            (boots unavailable)
Will    .....        (no amulet)
Stlth   ++           l - +6 ring of strength
HPRegen 0.27/turn    (no ring)
MPRegen 0.00/turn

%: infuse magic (-2 HP)
@: flying
A: sickness immunity, fire resistance 2, cold vulnerability 1, float, innate
caster, HP casting, extra vitality 1
a: no special abilities


You were on level 5 of the Dungeon.
You visited 1 branch of the dungeon, and saw 5 of its levels.

You collected 228 gold pieces.

Inventory:

Hand Weapons
 d - a +2 vampiric spear
 e - a +0 dagger
 f - a +0 short sword
 u - a +0 rapier (weapon)
Missiles
 k - 3 poisoned darts
 q - 3 atropa-tipped darts
 s - 3 boomerangs
Armour
 a - a +0 robe (worn)
 o - a +0 pair of gloves (worn)
Magical Staves
 t - a staff of air
Jewellery
 l - a +6 ring of strength (left hand)
Scrolls
 g - a scroll of teleportation {unknown}
 i - 2 scrolls of immolation {unknown}
 m - a scroll of blinking {unknown}
 n - a scroll of identify {unknown}
 r - a scroll of vulnerability {unknown}
 w - a scroll of magic mapping {unknown}
Potions
 b - a potion of degeneration {unknown}
 c - 3 potions of curing {unknown}
 h - 2 potions of invisibility {unknown}
 j - a potion of cancellation {unknown}
 p - a potion of ambrosia {unknown}
 v - a potion of might {unknown}


   Skills:
 + Level 1.4 Fighting
 + Level 0.7 Short Blades
 + Level 4.6 Dodging
 + Level 3.1 Stealth
 + Level 0.6 Unarmed Combat
 * Level 4.0 Spellcasting
 * Level 4.0 Conjurations
 * Level 4.0 Hexes
 * Level 4.0 Summonings
 * Level 4.0 Necromancy
 * Level 4.0 Translocations
 * Level 4.0 Transmutations
 * Level 4.0 Fire Magic
 * Level 4.0 Ice Magic
 * Level 4.0 Air Magic
 * Level 4.0 Earth Magic
 * Level 4.0 Poison Magic


You knew the following spells:

 Your Spells              Type           Power      Damage    Failure   Level
a - Foxfire               Conj/Fire      72%        2x1d7     2%          1
b - Scorch                Fire           36%        2d7       4%          2
c - Volatile Blastmotes   Fire/Tloc      36%        2d13      9%          3
d - Inner Flame           Hex/Fire       18%        N/A       9%          3
e - Flame Wave            Conj/Fire      18%        2d7       28%         4
f - Sandblast             Erth           36%        2d10      2%          1
g - Blink                 Tloc           36%        N/A       4%          2
Your spell library was empty.

Dungeon Overview and Level Annotations

Branches:
Dungeon (5/15)             Temple (0/1) D:5

Altars:


Innate Abilities, Weirdness & Mutations

You are immune to sickness and miasma.
You are immune to poison.
Your flesh is very heat resistant. (rF++)
You are vulnerable to cold. (rC-)
You float through the air rather than walking.
You learn spells naturally, not from books.
Your magical power is your life essence.
You have superior vitality. (+4 MHP)


Message History

The iguana is lightly wounded.
You hit the iguana.
The iguana is moderately wounded.
The foxfire hits the iguana but does no damage.
The iguana is moderately wounded.
The iguana closely misses you.
Casting: Foxfire (safe; 2% risk of failure)
Confirm with . or Enter, or press ? or * to list all spells.
Flames lash the iguana.
The iguana is heavily wounded.
The iguana's fire resistance burns away.
The iguana completely misses you. The iguana closely misses you.
Casting: Scorch (safe; 4% risk of failure)
Confirm with . or Enter, or press ? or * to list all spells.
You conjure some foxfire!
The iguana bites you but does no damage.
The iguana bites you!
* * * LOW HITPOINT WARNING * * *
You barely miss the iguana.
The iguana is heavily wounded.
The foxfire hits the iguana.
The iguana is lightly wounded.
The foxfire hits the iguana but does no damage.
The iguana is lightly wounded.
The iguana bites you!
* * * LOW HITPOINT WARNING * * *
The iguana bites you.
* * * LOW HITPOINT WARNING * * *
Casting: Foxfire (safe; 2% risk of failure)
Confirm with . or Enter, or press ? or * to list all spells.
You blink.
* * * LOW HITPOINT WARNING * * *
The iguana barely misses you.
The iguana is no longer more vulnerable to fire.
The iguana attacks as you move away! The iguana bites you.
* * * LOW HITPOINT WARNING * * *
The iguana attacks as you move away! The iguana barely misses you.
You feel stable enough to blink again. The iguana attacks as you move away!
The iguana bites you.
You die...

......#........#
.$....#........#
.....#.⌠8.....#
....$........#
#..>.⌠8....#
#######..........##.
#...l...>..⌠8.......
#..@l...............
#....#..#######.####.
######### ###.# #.<.#
#...# #...# #...#
..#.# ######


You could see 2 iguanas.

Vanquished Creatures
  A black bear (D:4)
  A howler monkey (D:4)
  A jelly (D:2)
  3 gnolls (D:3)
  6 adders
  A shadow imp (D:5)
  A white imp (D:5)
  2 worms
  7 dart slugs
  3 orcs
  3 endoplasms
  5 giant cockroaches
  5 goblins
  7 hobgoblins
  4 quokkas
  10 ball pythons
  3 bats
  10 frilled lizards
  6 kobolds
  7 rats
86 creatures vanquished.

Vanquished Creatures (others)
  235 foxfires
235 creatures vanquished.

Grand Total: 321 creatures vanquished

Notes
Turn   | Place    | Note
-------+----------+-------------------------------------------
     0 | D:1      | jlumianski the Djinni Fire Elementalist began the quest for
                  | the Orb.
     0 | D:1      | jlumianski set off with the following spells memorised:
                  | Foxfire, Scorch, Volatile Blastmotes, Inner Flame, Flame
                  | Wave.
     0 | D:1      | Reached XP level 1. HP: 15/15 MP: 0/0
   100 | D:3      | Reached XP level 2. HP: 19/21 MP: 0/0
   375 | D:1      | Reached XP level 3. HP: 24/25 MP: 0/0
   375 | D:1      | Learned a level 1 spell: Sandblast
   610 | D:2      | Reached XP level 4. HP: 23/31 MP: 0/0
  1421 | D:3      | Reached XP level 5. HP: 28/35 MP: 0/0
  1421 | D:3      | Learned a level 2 spell: Blink
  2325 | D:3      | Reached XP level 6. HP: 32/41 MP: 0/0
  2501 | D:4      | Noticed a black bear
  2517 | D:4      | Killed a black bear
  2518 | D:4      | Reached skill level 1 in Fighting
  2597 | D:5      | Entered Level 5 of the Dungeon
  2863 | D:5      | Found a staircase to the Ecumenical Temple.
  2884 | D:5      | HP: 1/42 [iguana (1)]
  2888 | D:5      | Slain by an iguana

Illustrated notes

Levels and vault maps discovered:
D:1:      reono_arrival_forest_river, layout_basic
D:2:      layout_rooms
D:3:      minmay_recursive_quarters, layout_rooms
D:4:      layout_rooms, fiery_altar_vehumet
D:5:      layout_gridville, nicolae_uskayaw_en_pointe,
          nicolae_sif_muna_little_library, nicolae_wu_jian_glorious_leap,
          nicolae_yredelemnul_corpse_copse, jmf_multi_god_temple2,
          minmay_temple_entry_drinking_statues, st_stairs_11,
          kennysheep_generic_room_3

Skill      XL: |  1  2  3  4  5  6 |
---------------+-------------------+-----
Spellcasting   | 4 |  4.0
Conjurations   | 4 |  4.0
Hexes          | 4 |  4.0
Summonings     | 4 |  4.0
Necromancy     | 4 |  4.0
Translocations | 4 |  4.0
Transmutations | 4 |  4.0
Fire Magic     | 4 |  4.0
Ice Magic      | 4 |  4.0
Air Magic      | 4 |  4.0
Earth Magic    | 4 |  4.0
Poison Magic   | 4 |  4.0
Stealth        | 2 3 |  3.1
Dodging        | 3 4 |  4.6
Fighting       | 1 |  1.4
Short Blades   | |  0.7
Unarmed Combat | |  0.6

Action                     |  1- 3 |  4- 6 || total
---------------------------+-------+-------++-------
  Melee: Unarmed           |     4 |       ||     4
         Short sword       |     2 |    37 ||    39
         Punch             |       |     1 ||     1
         Rapier            |       |    14 ||    14
   Cast: Foxfire           |    31 |    99 ||   130
         Scorch            |       |     6 ||     6
         Blink             |       |     2 ||     2
   Stab: Sleeping          |       |     1 ||     1
 Armour: Robe              |       |    14 ||    14
  Dodge: Dodged            |     7 |    98 ||   105

Table legend: (Time is in decaauts)
 A = Elapsed time spent in this place.
 B = Non-inter-level travel time spent in this place.
 C = Inter-level travel time spent in this place.
 D = Time resting spent in this place.
 E = Time spent auto-exploring this place.
 F = Levels seen in this place.
 G = Mean time per level.
                   A        B        C        D        E       F      G
               +--------+--------+--------+--------+--------+-----+--------+
         Total |   2896 |   2817 |     79 |    315 |   1436 |   5 |  579.2 |
       Dungeon |   2896 |   2817 |     79 |    315 |   1436 |   5 |  579.2 |
               +--------+--------+--------+--------+--------+-----+--------+

Top non-repeatable levels by time:
     D:2: 875 daAuts
     D:3: 795 daAuts
     D:1: 709 daAuts
     D:4: 481 daAuts
     D:5: 34 daAuts
